 Dungeon Crawl Stone Soup version 0.24-a0-235-g3f03afcf10 (webtiles) character file.

Game seed: 15534517641378084978

35 Redear the Insei (level 3, 0/24 HPs)
             Began as an Octopode Transmuter on Apr 8, 2019.
             Succumbed to a scorpion's poison
             ... on level 4 of the Dungeon.
             The game lasted 00:03:24 (782 turns).

Redear the Insei (Octopode Transmuter)               Turns: 782, Time: 00:03:25

Health: 0/24       AC:  1    Str: 10    XL:     3   Next: 35%
Magic:  5/6        EV: 13    Int: 15    God:
Gold:   59         SH:  0    Dex: 12    Spells: 5/6 levels left

rFire    . . .     SeeInvis .     - Unarmed
rCold    . . .     Gourm    .   (no shield)
rNeg     . . .     Faith    .   (helmet restricted)
rPois    .         Spirit   .   (no amulet)
rElec    .         Reflect  .   (no ring)
rCorr    .         Harm     .   (no ring)
MR       .....                  (no ring)
Stlth    +++.......             (no ring)
HPRegen  0.08/turn              (no ring)
MPRegen  0.10/turn              (no ring)
                                (no ring)
                                (no ring)

@: lethally poisoned (0 -> -20)
A: almost no armour, stealthy swim, amphibious, 8 rings, constrict 8, camouflage
1, gelatinous body 1
a: no special abilities


You were on level 4 of the Dungeon.
You were not hungry.

You visited 1 branch of the dungeon, and saw 3 of its levels.

You collected 59 gold pieces.

Inventory:

Hand Weapons
 d - a cursed -2 dagger
Missiles
 a - 30 arrows
 e - 21 stones (quivered)
 h - 17 poisoned needles
Jewellery
 c - an uncursed ring of flight {unknown}
Potions
 b - a potion of ambrosia {unknown}
 g - a potion of heal wounds {unknown}
 i - a potion of might {unknown}
Comestibles
 z - 4 rations


   Skills:
 + Level 1.7 Fighting
 + Level 2.4 Dodging
 + Level 2.0 Stealth
 + Level 3.3 Unarmed Combat
 - Level 2.0 Spellcasting
 - Level 2.0 Transmutations


You had 5 spell levels left.
You knew the following spells:

 Your Spells              Type           Power        Failure   Level  Hunger
a - Beastly Appendage     Tmut           #.....       10%         1    #......

Your spell library contained the following spells:

 Spells                   Type           Power        Failure   Level  Hunger
 Sticks to Snakes         Tmut           #.......     14%         2    ###....
 Spider Form              Tmut/Pois      #.........   41%         3    ###....
 Ice Form                 Ice/Tmut       #.......     82%         4    #####..
 Blade Hands              Tmut           #.........   95%         5    ######.


Dungeon Overview and Level Annotations

Branches:
Dungeon (2/15)

Altars:


Innate Abilities, Weirdness & Mutations

You cannot wear most types of armour.
You are very stealthy in the water. (Stealth+)
You are amphibious.
You can wear up to eight rings at the same time.
You can use your tentacles to constrict eight enemies at once.
Your skin changes colour to match your surroundings (Stealth+).
Your rubbery body absorbs attacks. (AC +1, EV +1)


Message History

The scorpion poisons you!
You take 1 damage, and have 16/24 hp.
Casting: Beastly Appendage (safe; 10% risk of failure)
Confirm with . or Enter, or press ? or * to list all spells.
One of your tentacles grows a vicious spike.
You feel sick. The scorpion stings you.
You take 6 damage, and have 10/24 hp.
MASSIVE DAMAGE!!
You now have 5/6 mp.
You closely miss the scorpion. You grab the scorpion.
You pierce the scorpion, but do no damage.
You constrict the scorpion.
You feel sick. The scorpion stings you!
* * * LOW HITPOINT WARNING * * *
You are more poisoned.
The scorpion poisons you!
You take 8 damage, and have 2/24 hp.
MASSIVE DAMAGE!!
It was a potion of cancellation.
Your magical effects are unravelling.
You feel magically purged.
Your tentacle spike disappears.
You constrict the scorpion.
You die...

###################
#.................#
#.................#
######.####..######
##.####'####.###+#
#........#.......#
#........#.......+
#.......@s.......#
#####....##..##..#
#....# ..#
#..........#..#
#..........#..#
#..........#..+
#..........#..#
#..........#!.#
##..##....##


You could see a scorpion.

Vanquished Creatures
  An adder (D:4)
  A dart slug (D:1)
  A leopard gecko (D:1)
  A bat (D:1)
  A giant cockroach (D:1)
  4 goblins (D:1)
  3 hobgoblins (D:1)
  2 jackals (D:1)
  4 kobolds (D:1)
  2 rats (D:1)
20 creatures vanquished.

Notes
Turn   | Place    | Note
-------+----------+-------------------------------------------
     0 | D:1      | Redear the Octopode Transmuter began the quest for the Orb.
     0 | D:1      | Reached XP level 1. HP: 13/13 MP: 3/3
    98 | D:1      | Reached skill level 1 in Stealth
    98 | D:1      | Reached XP level 2. HP: 12/18 MP: 5/5
   455 | D:1      | Reached XP level 3. HP: 12/23 MP: 4/6
   738 | D:2      | You fall through a shaft for 2 floors!
   751 | D:4      | Reached skill level 2 in Stealth
   775 | D:4      | Noticed a scorpion
   781 | D:4      | HP: 2/24 [scorpion (7)]
   782 | D:4      | Succumbed to a scorpion's poison

Levels and vault maps discovered:
D:1:      dpeg_arrival_tiny_e, layout_rooms, kennysheep_small_spiral
D:2:      layout_rooms, chequers_ecumenical_altar_simple, first_ration
D:4:      layout_gridville, old_standard_altar,
          minmay_temple_entry_glassed_door, serial_shops, shop,
          hangedman_decor_clover_reticule, kennysheep_small_circle

Skill      XL: |  1  2  3 |
---------------+----------+-----
Stealth        | 1 2 |  2.0
Fighting       | |  1.7
Dodging        | |  2.4
Unarmed Combat | |  3.3
Spellcasting   | |  2.0
Transmutations | |  2.0

Action                   || total
-------------------------++-------
Melee: Unarmed           ||    43
       Constrict         ||    17
       Kick              ||     8
       Tentacles         ||     7
 Cast: Beastly Appendage ||     8
  Use: Potion            ||     1
 Stab: Sleeping          ||     4
Armor: Skin              ||     3
Dodge: Dodged            ||    27

Table legend:
 A = Non-vault XP
 B = Vault XP
 C = Vault XP percentage of total XP
 D = Non-vault monster count
 E = Vault monster count
 F = Vault count percentage of total count
                 A         B        C        D         E       F
            +---------+---------+-------+---------+---------+-------
      Total |      51 |       0 |   0.0 |      20 |       0 |   0.0
            +---------+---------+-------+---------+---------+-------
        D:1 |      37 |       0 |   0.0 |      19 |       0 |   0.0
        D:4 |      14 |       0 |   0.0 |       1 |       0 |   0.0
            +---------+---------+-------+---------+---------+-------
